Map: Ever Dream LE

Players

LiquidMaNa (MaNa) - Winner!

  • Race: Protoss Protoss
  • League: Grandmaster
  • Spawn Location: 1:00

Geralt (Gerald)

  • Race: Protoss Protoss
  • League: Grandmaster
  • Spawn Location: 7:00

Event: DreamHack SC2 Masters 2020 Fall

VOD

Have the link to the VOD?

Description

Time

  • Played on: Sept. 6, 2020, 12:52 p.m.
  • Length: 7:38

All games in this series

Show
View Real Time Build Order
Export as new Build Order

LiquidMaNa Protoss - Winner!

Build Orders:  

Get SALT Encoding   

  12  0:00  Probe  
  13  0:12  Probe  
  14  0:17  Pylon  
  14  0:24  Probe (Chrono Boost)  
  15  0:36  Gateway, Probe (Chrono Boost)  
  16  0:44  Probe (Chrono Boost)  
  16  0:46  Assimilator  
  17  0:51  Probe  
  17  0:53  Assimilator  
  18  1:03  Probe (Chrono Boost)  
  19  1:06  Gateway  
  20  1:12  Probe (Chrono Boost)  
  20  1:17  Probe (Chrono Boost)  
  20  1:23  Cybernetics Core  
  21  1:29  Probe  
  22  1:35  Pylon  
  22  1:41  Probe  
  23  1:53  Probe  
  24  1:56  Warp Gate (Chrono Boost)  
  24  1:59  Stalker x2  
  28  2:05  Probe  
  29  2:08  Pylon  
  29  2:25  Shield Battery  
  29  2:29  Stalker  
  31  2:31  Stalker  
  33  2:38  Pylon  
  33  2:42  Probe  
  34  2:49  Shield Battery  
  34  2:54  Probe  
  34  3:02  Stalker x2  
  38  3:22  Nexus  
  38  3:27  Probe  
  38  3:33  Pylon  
  39  3:40  Stalker  
  41  3:41  Probe  
  42  3:51  Stalker  
  42  3:53  Probe  
  45  4:02  Twilight Council  
  45  4:11  Stalker  
  47  4:22  Pylon  
  47  4:25  Robotics Facility  
  47  4:33  Probe  
  47  4:34  Probe  
  47  4:35  Sentry x2  
  51  4:43  Blink (Chrono Boost)  
  51  4:46  Probe  
  51  4:47  Probe  
  53  4:57  Shield Battery  
  53  4:58  Probe  
  53  4:59  Probe  
  55  5:10  Probe  
  55  5:11  Probe  
  55  5:13  Observer (Chrono Boost)  
  58  5:24  Gateway  
  60  5:28  Gateway  
  60  5:31  Warp Prism (Chrono Boost)  
  60  5:32  Gateway  
  60  5:36  Gateway  
  60  5:38  Probe  
  60  5:40  Probe  
  62  5:49  Stalker x2  
  66  5:51  Probe  
  66  5:52  Probe  
  68  5:57  Pylon  
  68  6:10  Shield Battery  
  68  6:12  Stalker  
  68  6:15  Assimilator, Pylon  
  70  6:18  Stalker  
  72  6:31  Pylon  
  72  6:35  Stalker x4  
  80  6:41  Probe x2  
  82  6:47  Pylon  
  74  7:01  Stalker x4  
  74  7:06  Stalker  
  84  7:20  Stalker  
  84  7:22  Nexus  
Show
View Real Time Build Order
Export as new Build Order

Geralt Protoss 

Build Orders: Oracle Opening 

Get SALT Encoding   

  12  0:00  Probe  
  13  0:12  Probe  
  14  0:17  Pylon  
  14  0:24  Probe (Chrono Boost)  
  15  0:37  Gateway, Probe (Chrono Boost)  
  16  0:42  Probe (Chrono Boost)  
  16  0:45  Assimilator  
  17  0:52  Probe (Chrono Boost)  
  17  0:54  Assimilator  
  18  1:04  Probe (Chrono Boost)  
  18  1:06  Gateway  
  19  1:13  Probe (Chrono Boost)  
  20  1:18  Probe  
  20  1:24  Cybernetics Core  
  21  1:30  Probe  
  22  1:37  Pylon  
  22  1:42  Probe  
  23  1:55  Probe  
  23  2:01  Stargate  
  24  2:07  Probe  
  25  2:12  Stalker  
  25  2:13  Stalker  
  29  2:18  Warp Gate  
  29  2:19  Probe  
  30  2:24  Pylon  
  30  2:32  Probe  
  32  2:44  Probe  
  35  2:58  Shield Battery  
  34  3:08  Robotics Facility, Probe  
  34  3:09  Oracle  
  35  3:25  Pylon  
  35  3:27  Shield Battery  
  35  3:41  Nexus  
  35  3:43  Probe  
  36  3:55  Probe  
  36  3:58  Pylon  
  36  4:06  Stalker  
  38  4:12  Stalker  
  39  4:24  Pylon  
  39  4:26  Robotics Bay  
  39  4:31  Nexus  
  39  4:39  Immortal (Chrono Boost)  
  39  4:42  Probe  
  39  4:43  Pylon  
  44  4:54  Probe  
  45  5:05  Forge, Twilight Council  
  45  5:06  Probe  
  46  5:10  Shield Battery  
  46  5:18  Probe  
  47  5:30  Pylon  
  47  5:42  Disruptor  
  47  5:43  Probe (Chrono Boost)  
  47  5:47  Probe (Chrono Boost)  
  52  5:54  Probe (Chrono Boost)  
  52  5:56  Probe (Chrono Boost)  
  54  5:59  Probe (Chrono Boost)  
  54  6:01  Probe (Chrono Boost)  
  56  6:09  Probe  
  57  6:11  Assimilator  
  57  6:13  Assimilator, Probe  
  58  6:19  Observer  
  58  6:25  Nexus  
  59  6:32  Gateway  
  59  6:34  Gateway  
  59  6:37  Probe  
  59  6:38  Probe  
  59  6:39  Disruptor (Chrono Boost)  
  64  6:58  Stalker x2  
  52  7:23  Probe  

Tags
 
Add a new tag
Caveats
  • Supply blocks, unpowered buildings, or Contaminate may cause inaccurate times.
  • Supply counts are checked every 10 seconds.